 Dungeon Crawl Stone Soup version 0.18.1-48-g4cf74bf (webtiles) character file.

51679 Mesmaeker13 the Spear-Bearer (level 14, -13/110 HPs)
             Began as a Demonspawn Summoner on July 1, 2016.
             Was the Champion of Okawaru.
             Mangled by a death yak (17 damage)
             ... on level 8 of the Lair of Beasts on July 4, 2016.
             The game lasted 02:02:59 (22605 turns).

Mesmaeker13 the Spear-Bearer (Demonspawn Summoner) Turns: 22605, Time: 02:03:00

Health: -13/110    AC: 19    Str: 16    XL:     14   Next: 24%
Magic:  19/24      EV: 16    Int: 33    God:    Okawaru [******]
Gold:   2025       SH: 13    Dex: 15    Spells: 6 memorised, 9 levels left

rFire  + . .     SeeInvis .     d - +9 demon trident "Fodugh" {vamp, rElec Int+5 Dex-4}
rCold  + + .     Gourm    .     H - +3 leather armour
rNeg   . . .     Faith    .     R - +1 shield of the Peasants {Int+5}
rPois  .         Spirit   .     o - +2 hat of Moff {-Tele rC+ Int+6 Stlth+}
rElec  +         Dismiss  .     S - +2 cloak
rCorr  .         Reflect  .     (no gloves)
SustAt .         Harm     .     I - +2 pair of boots {run}
MR     .....     NoTele   +     (no amulet)
Stlth  +++++.....               U - ring "Dunnuew" {rF+ Stlth+}
                                v - +5 ring of protection

@: vulnerable, singing, quick, not resistant to hostile enchantments, quite
stealthy
A: talons 2, thin skeletal structure 3, cold resistance 1, demonic guardian 2,
powered by death 2, strong 1
a: Heroism, Finesse, Renounce Religion, Stop Singing


You were on level 8 of the Lair of Beasts.
You worshipped Okawaru.
Okawaru was exalted by your worship.
You were not hungry.

You visited 3 branches of the dungeon, and saw 19 of its levels.
You also visited: Labyrinth, Ossuary and Ice Cave.

You collected 2025 gold pieces.

Inventory:

Hand Weapons
 d - the +9 demon trident "Fodugh" (weapon) {vamp, rElec Int+5 Dex-4}
   (Okawaru gifted it to you on level 1 of the Lair of Beasts)

   It inflicts no extra harm, but heals its wielder somewhat when it strikes a
   living foe.
   It affects your intelligence (+5).
   It affects your dexterity (-4).
   It insulates you from electricity.
Armour
 o - the +2 hat of Moff (worn) {-Tele rC+ Int+6 Stlth+}
   (Okawaru gifted it to you on level 8 of the Lair of Beasts)

   It affects your intelligence (+6).
   It protects you from cold.
   It prevents most forms of teleportation.
   It makes you more stealthy.
 r - a steam dragon hide
 u - a +2 helmet
 H - a +3 leather armour (worn)
 I - a +2 pair of boots of running (worn)
 R - the +1 shield of the Peasants (worn) {Int+5}
   (You found it on level 10 of the Dungeon)

   It affects your intelligence (+5).
 S - a +2 cloak (worn)
Jewellery
 n - an uncursed ring of sustain attributes
 s - a +5 ring of intelligence
 v - a +5 ring of protection (left hand)
 M - an uncursed ring of protection from cold
 U - the ring "Dunnuew" (right hand) {rF+ Stlth+}
   (You found it in an ice cave)

   [ring of stealth]

   It protects you from fire.
   It makes you more stealthy.
Wands
 c - a wand of disintegration (9/24)
 m - a wand of iceblast (7/15)
 p - a wand of digging (7/24)
 t - a wand of teleportation (5/9)
 G - a wand of hasting (5/9)
Scrolls
 e - 3 scrolls of magic mapping
 f - a scroll of vulnerability
 y - 4 scrolls of fog
 A - a scroll of blinking {unknown}
 N - 2 scrolls of enchant weapon
 P - 2 scrolls of teleportation {unknown}
 Z - a scroll of summoning {unknown}
Potions
 a - 2 potions of curing
 g - a potion of haste {unknown}
 h - 2 potions of mutation {unknown}
 k - 2 potions of brilliance {unknown}
 l - 2 potions of cure mutation {unknown}
 x - a potion of invisibility {unknown}
 z - 4 potions of magic {unknown}
 J - a potion of berserk rage {unknown}
 L - a potion of ambrosia {unknown}
Miscellaneous
 X - a crystal ball of energy
Comestibles
 b - 6 chunks of flesh
 j - 2 bread rations


   Skills:
 - Level 10.0 Fighting
 + Level 10.6 Polearms
 - Level 4.0 Armour
 + Level 8.9 Dodging
 - Level 1.7 Stealth
 + Level 10.0 Shields
 - Level 7.1 Spellcasting
 - Level 5.0 Charms
 - Level 10.0 Summonings
 - Level 4.1 Ice Magic


You had 9 spell levels left.
You knew the following spells:

 Your Spells              Type           Power        Failure   Level  Hunger
a - Summon Guardian Gole  Hex/Summ       #####...     3%          3    None
b - Call Imp              Summ           ######..     1%          2    None
c - Call Canine Familiar  Summ           ######..     1%          3    None
d - Summon Ice Beast      Ice/Summ       ######..     6%          4    #......
e - Summon Lightning Spi  Summ/Air       #####...     14%         4    #......
f - Song of Slaying       Chrm           #####...     1%          2    None


Dungeon Overview and Level Annotations

Branches:
Dungeon (10/15)            Temple (1/1) D:5            Lair (8/8) D:8
 Shoals (0/4) Lair:5        Snake (0/4) Lair:5        Slime (0/6) Lair:7
    Orc: D:9-12

Altars:
Ashenzari
Cheibriados
Dithmenos
Fedhas
Gozag
Kikubaaqudgha
Makhleb
Nemelex Xobeh
Okawaru
Pakellas
Qazlal
Ru
Sif Muna
Trog
Vehumet
Xom
Yredelemnul
Zin
The Shining One
Jiyva

Annotations:
D:4 TBriggs11TB's ghost, novice DDFi


Innate Abilities, Weirdness & Mutations

You have razor-sharp toenails.
You have an unnaturally thin skeletal structure (Dex +6, Stealth++).
A demonic guardian rushes to your aid.
You regenerate health from kills.
Your flesh is cold resistant.
Your muscles are strong. (Str +2)


Message History

The death yak gores you but does no damage.
You block the death yak's attack.
Drink which item? (? for menu, Esc to quit)
You feel better.
Your smoke demon hits the death yak but does no damage. x2
Your smoke demon hits the death yak.
The death yak gores you!!
* * * LOW HITPOINT WARNING * * *
The death yak gores you but does no damage.
You block the death yak's attack.
Drink which item? (? for menu, Esc to quit)
Okay, then.
Read which item? (? for menu, Esc to quit)
As you read the scroll labeled IPOLOC MUIRPH, it crumbles to dust.
It is a scroll of brand weapon.
You aren't carrying any weapons that can be branded.
Your smoke demon hits the death yak but does no damage.
Your smoke demon hits the death yak.
Your smoke demon hits the death yak but does no damage.
The death yak closely misses you. The death yak gores you!
You die...

******#P..†.................#
♣♣♣♣♣♣♣ **###.P.≈≈P#........##.##
...≈≈P♣♣*,♣♣♣♣.≈†♣♣#..........##
.P≈≈≈≈≈♣♣♣♣.♣♣.≈♣♣,##.#.......#
.≈≈≈≈≈.♣♣†..♣♣≈≈♣♣**###.......###
≈≈P♣♣≈≈.♣♣..♣♣♣≈.♣ #####.........
≈≈≈≈♣♣♣≈..♣.P♣3≈≈♣ #.............
≈≈.P♣(.≈..♣..♣÷Y♣♣ #.............
≈≈≈.♣♣≈≈..♣♣♣≈YY@♣ ##...P..#.#..#
≈≈≈≈♣♣♣≈≈.P♣♣≈.Y♣♣ ##.#........P
≈≈≈≈.♣♣P≈≈♣♣≈≈♣.P♣ #.###........
≈≈≈P♣♣♣♣..≈≈≈♣♣.♣♣ ### ##.......
≈≈≈....♣♣.♣≈≈P.P♣ ###...##
≈≈≈≈...♣♣♣≈≈P...♣ ######
≈≈≈≈....♣♣≈..♣.♣♣
.≈≈....♣♣♣≈≈..♣♣ ≈≈≈...)♣♣≈≈...♣


You could see 4 death yaks and a friendly smoke demon.

Vanquished Creatures
  Snorg (Lair:7)
  A minotaur (Lab)
  2 ice dragons (IceCv)
  A catoblepas (Lair:8)
  8 death yaks
  2 griffons
  4 black mambas
  9 elephants
  2 ice statues (IceCv)
  A torpor snail (Lair:4)
  6 rime drakes
  16 spiny frogs
  8 komodo dragons
  3 merfolk (Lair:5)
  2 polar bears
  10 blink frogs
  A slime creature (Lair:7)
  27 yaks
  Grum (Lair:1)
  4 basilisks
  2 wyverns
  9 hippogriffs
  A hungry ghost (D:10)
  A steam dragon (Lair:8)
  A mottled dragon (Lair:8)
  2 nagas (Lair:5)
  7 water moccasins
  7 porcupines
  An eye of draining (D:10)
  18 ice beasts
  A swamp drake (Lair:8)
  3 sky beasts
  An ogre (D:7)
  An orc warrior (D:7)
  A necrophage (D:8)
  7 wolves
  4 centaurs
  9 crocodiles
  Blork the orc (D:6)
  A big kobold (D:8)
  An elf zombie (D:7)
  11 giant frogs
  9 scorpions
  A killer bee (D:7)
  4 wights
  An electric eel (Lair:2)
  A howler monkey (D:8)
  A human zombie (D:7)
  A crimson imp (D:5)
  A hound (D:8)
  2 centaur zombies (Ossuary)
  3 jellies (D:10)
  6 orc wizards
  2 orc priests
  A giant frog skeleton (D:5)
  Ijyb (D:2)
  Jessica (D:3)
  8 iguanas
  4 worker ants
  Natasha (thrice) (D:2)
  A human skeleton (D:7)
  14 sheep
  A big kobold zombie (Ossuary)
  A hound zombie (D:10)
  4 mummies
  A worker ant zombie (D:6)
  10 gnolls
  2 scorpion zombies (Ossuary)
  6 adders
  78 river rats
  3 shadow imps
  5 oozes
  An adder zombie (D:5)
  2 worms
  4 dart slugs
  3 giant geckos
  17 orcs
  A ball python (D:4)
  6 bats
  6 giant cockroaches
  A gnoll zombie (Ossuary)
  7 hobgoblins
  2 jackals (D:3)
  14 kobolds
  2 quokkas
  A ball python skeleton (D:5)
  6 giant newts
  11 goblins
  A goblin zombie (Ossuary)
  2 hobgoblin zombies
  5 kobold zombies
  4 orc zombies
  11 rats
  A fungus (Lair:1)
483 creatures vanquished.

Vanquished Creatures (collateral kills)
  A fire dragon (Lair:8)
  The ghost of Metae the Fighter, a journeyman MiFi of the Shining One (Lair:2)
  4 hydras
  8 death yaks
  A deep elf mage (D:8)
  An oklob plant (Lair:7)
  2 black mambas (Lair:5)
  An elephant (Lair:4)
  Maurice (D:10)
  6 spiny frogs
  4 komodo dragons
  3 rime drakes
  A troll (D:10)
  A merfolk (Lair:5)
  A polar bear (Lair:6)
  A blink frog (Lair:5)
  18 yaks
  A basilisk (Lair:6)
  2 hell hounds (D:8)
  2 water moccasins
  6 ice beasts
  An orc warrior (D:10)
  2 ogres
  6 wolves
  3 crocodiles
  4 giant frogs
  2 scorpions
  A killer bee (D:7)
  A wight (D:10)
  A gnoll shaman (D:8)
  2 orc wizards
  4 iguanas
  3 worker ants (D:7)
  7 sheep
  2 mummies (D:7)
  A gnoll (D:3)
  18 river rats
  An ooze (D:10)
  A worm (D:2)
  14 orcs
  5 giant cockroaches
  2 goblins (D:1)
  A hobgoblin (D:1)
  4 jackals
  3 kobolds
  A ball python (D:1)
  A bat (D:2)
  A giant newt (D:1)
  An orc zombie (Ossuary)
  2 rats
  2 butterflies (D:7)
  A fungus (Lair:8)
  A plant (Lair:8)
165 creatures vanquished.

Vanquished Creatures (others)
  A yak (Lair:8)
  A sky beast (D:7)
  An ogre (D:5)
  3 scorpions (Ossuary)
  A wight (D:7)
  A human zombie (D:7)
  An orc priest (D:4)
  2 orc wizards
  A mummy (D:7)
  An adder (D:7)
  A scorpion zombie (Ossuary)
  2 orcs
  A giant cockroach (D:2)
  A goblin (D:3)
  A hobgoblin (D:1)
  10 fungi
  15 plants
44 creatures vanquished.

Grand Total: 692 creatures vanquished

Notes
Turn   | Place    | Note
--------------------------------------------------------------
     0 | D:1      | Mesmaeker13 the Demonspawn Summoner began the quest for the Orb.
     0 | D:1      | Reached XP level 1. HP: 13/13 MP: 3/3
   271 | D:1      | Gained mutation: You have a somewhat thin skeletal structure (Dex +2, Stealth). [demonic ancestry]
   271 | D:1      | Reached XP level 2. HP: 10/19 MP: 5/5
   904 | D:1      | Reached XP level 3. HP: 24/24 MP: 6/6
   968 | D:2      | Learned a level 2 spell: Call Imp
  1012 | D:2      | Noticed Natasha
  1038 | D:2      | Killed Natasha
  1038 | D:2      | Reached skill level 1 in Polearms
  1295 | D:2      | Noticed Ijyb
  1459 | D:2      | Killed Ijyb
  1459 | D:2      | Gained mutation: A weak demonic guardian rushes to your aid. [demonic ancestry]
  1459 | D:2      | Reached XP level 4. HP: 22/30 MP: 5/7
  1596 | D:2      | Reached skill level 5 in Summonings
  1689 | D:2      | Noticed Natasha
  1697 | D:2      | Killed Natasha
  1697 | D:2      | Gained mutation: You have sharp toenails. [demonic ancestry]
  1697 | D:2      | Reached XP level 5. HP: 22/35 MP: 8/8
  2015 | D:2      | Noticed Natasha
  2021 | D:2      | Killed Natasha
  2693 | D:3      | Noticed Jessica
  2707 | D:3      | Killed Jessica
  3106 | D:3      | Reached XP level 6. HP: 31/41 MP: 7/9
  3518 | D:3      | Found a blossoming altar of Fedhas.
  3566 | D:3      | Learned a level 3 spell: Call Canine Familiar
  4568 | D:4      | Found a radiant altar of Vehumet.
  4629 | D:4      | Noticed TBriggs11TB's ghost (novice DDFi)
  4714 | D:4      | Gained mutation: You have razor-sharp toenails. [demonic ancestry]
  4714 | D:4      | Reached XP level 7. HP: 46/46 MP: 10/10
  4742 | D:5      | Entered Level 5 of the Dungeon
  4820 | D:5      | Found a snail-covered altar of Cheibriados.
  4912 | D:5      | Found a staircase to the Ecumenical Temple.
  5061 | D:5      | Found a bloodstained altar of Trog.
  5909 | Temple   | Entered the Ecumenical Temple
  6067 | Temple   | Became a worshipper of Warmaster Okawaru
  6406 | D:6      | Reached skill level 5 in Dodging
  6708 | D:6      | Reached XP level 8. HP: 51/52 MP: 11/11
  6733 | D:6      | Noticed Blork the orc
  6742 | D:6      | Killed Blork the orc
  7002 | D:7      | Learned a level 4 spell: Summon Ice Beast
  7014 | D:7      | Reached * piety under Okawaru
  7029 | D:7      | Reached skill level 5 in Polearms
  7082 | D:7      | Found a runed door.
  7100 | D:7      | Reached skill level 1 in Fighting
  7158 | D:8      | Noticed a deep elf mage
  7321 | D:7      | Found a sand-covered staircase.
  7331 | Ossuary  | Entered an ossuary
  7591 | Ossuary  | Gained mutation: A demonic guardian rushes to your aid. [demonic ancestry]
  7591 | Ossuary  | Reached XP level 9. HP: 52/64 MP: 7/12
  7607 | Ossuary  | Reached ** piety under Okawaru
  8015 | D:7      | Found a basalt altar of Yredelemnul.
  8263 | D:7      | Found a runed door.
  8545 | D:8      | Killed a deep elf mage
  8621 | D:8      | Found a staircase to the Lair.
  8647 | D:8      | Reached skill level 5 in Fighting
  9132 | D:8      | Found a sacrificial altar of Ru.
  9170 | D:8      | Reached skill level 1 in Ice Magic
  9301 | D:8      | Found a glowing golden altar of the Shining One.
  9316 | D:8      | Reached skill level 1 in Armour
  9341 | D:8      | Reached *** piety under Okawaru
  9689 | D:8      | Found a shimmering altar of Xom.
 10411 | D:9      | Found a burning altar of Makhleb.
 10575 | D:9      | Gained mutation: You regenerate a little health from kills. [demonic ancestry]
 10575 | D:9      | Reached XP level 10. HP: 73/76 MP: 11/13
 10838 | D:10     | Entered Level 10 of the Dungeon
 11081 | D:10     | Got a slimy shield
 11268 | D:10     | Noticed Maurice
 11283 | D:10     | Killed Maurice
 11671 | D:10     | Reached **** piety under Okawaru
 12218 | Lair:1   | Entered Level 1 of the Lair of Beasts
 12218 | Lair:1   | Noticed a spiny frog
 12230 | Lair:1   | Killed a spiny frog
 12286 | Lair:1   | Identified the +1 shield of the Peasants {Int+5} (You found it on level 10 of the Dungeon)
 12447 | Lair:1   | Noticed Grum
 12907 | Lair:1   | Reached ***** piety under Okawaru
 13013 | Lair:1   | Killed Grum
 13331 | Lair:1   | Noticed a spiny frog
 13347 | Lair:1   | Killed a spiny frog
 13510 | Lair:2   | Found a frozen archway.
 13634 | Lair:1   | Reached skill level 1 in Shields
 13641 | Lair:1   | Gained mutation: Your muscles are strong. (Str +2) [potion of beneficial mutation]
 13693 | Lair:1   | Received a gift from Okawaru
 13693 | Lair:1   | Reached XP level 11. HP: 39/84 MP: 3/14
 13698 | Lair:1   | Got a fine demon trident {god gift}
 13708 | Lair:1   | Identified the +9 demon trident "Fodugh" {vamp, rElec Int+5 Dex-4} (Okawaru gifted it to you on level 1 of the Lair of Beasts)
 14147 | IceCv    | Entered an ice cave
 14531 | IceCv    | Noticed an ice dragon
 14531 | IceCv    | Noticed an ice dragon
 14533 | IceCv    | Gained mutation: Your flesh is cold resistant. [potion of beneficial mutation]
 14553 | IceCv    | Killed an ice dragon
 14574 | IceCv    | Killed an ice dragon
 14574 | IceCv    | Received a gift from Okawaru
 14891 | IceCv    | Got a warped ivory ring
 14965 | Lair:2   | Identified the ring "Dunnuew" {rF+ Stlth+} (You found it in an ice cave)
 15134 | Lair:2   | Noticed Metae's ghost (journeyman MiFi)
 15252 | Lair:2   | Learned a level 3 spell: Summon Guardian Golem
 15313 | Lair:2   | Reached skill level 5 in Shields
 15486 | Lair:2   | Killed Metae's ghost
 16225 | Lair:3   | Gained mutation: You regenerate health from kills. [demonic ancestry]
 16225 | Lair:3   | Reached XP level 12. HP: 91/91 MP: 15/15
 16301 | Lair:3   | Reached ****** piety under Okawaru
 16301 | Lair:3   | Reached skill level 10 in Polearms
 16426 | Lair:3   | Received a gift from Okawaru
 16435 | Lair:3   | Identified a +2 pair of boots of running (Okawaru gifted it to you on level 3 of the Lair of Beasts)
 16908 | Lair:4   | Reached skill level 10 in Summonings
 16917 | Lair:4   | Found a labyrinth entrance.
 16927 | Lab      | Entered a labyrinth
 17547 | Lab      | Noticed a minotaur
 17552 | Lab      | Killed a minotaur
 18205 | Lair:4   | Noticed a seven-headed hydra
 18224 | Lair:4   | Killed a seven-headed hydra
 18413 | Lair:5   | Received a gift from Okawaru
 18775 | Lair:5   | Noticed a death yak
 18776 | Lair:5   | Noticed a death yak
 18778 | Lair:5   | Noticed a death yak
 18778 | Lair:5   | Noticed a death yak
 18787 | Lair:5   | Noticed a death yak
 18808 | Lair:5   | Killed a death yak
 18812 | Lair:5   | Noticed a death yak
 18815 | Lair:5   | Killed a death yak
 18845 | Lair:5   | Killed a death yak
 18851 | Lair:5   | Gained mutation: You have a moderately thin skeletal structure (Dex +4, Stealth+). [demonic ancestry]
 18851 | Lair:5   | Reached XP level 13. HP: 59/101 MP: 10/20
 18891 | Lair:5   | Reached skill level 5 in Spellcasting
 18968 | Lair:5   | Found a staircase to the Shoals.
 19084 | Lair:5   | Found a staircase to the Snake Pit.
 19358 | Lair:5   | Learned a level 4 spell: Summon Lightning Spire
 20335 | Lair:7   | Reached skill level 10 in Fighting
 20339 | Lair:7   | Learned a level 2 spell: Song of Slaying
 20393 | Lair:7   | Received a gift from Okawaru
 20393 | Lair:7   | Reached skill level 1 in Charms
 20422 | Lair:7   | Got a brightly glowing battleaxe {god gift}
 20519 | Lair:7   | Noticed Snorg
 20528 | Lair:7   | Killed Snorg
 20910 | Lair:7   | Received a gift from Okawaru
 20913 | Lair:7   | Got a heavily runed ring mail {god gift}
 21033 | Lair:7   | Found a runed door.
 21033 | Lair:7   | Found a viscous altar of Jiyva.
 21034 | Lair:7   | Found a staircase to the Slime Pits.
 21289 | Lair:1   | Identified the +1 ring mail "Astituf" {Int+3} (Okawaru gifted it to you on level 7 of the Lair of Beasts)
 21324 | Lair:1   | Identified the +5 battleaxe of Pixtir {chop, +Blink rC+ Int-5 Dex+2} (Okawaru gifted it to you on level 7 of the Lair of Beasts)
 21719 | Lair:8   | Entered Level 8 of the Lair of Beasts
 21987 | Lair:8   | Gained mutation: You have an unnaturally thin skeletal structure (Dex +6, Stealth++). [demonic ancestry]
 21987 | Lair:8   | Reached XP level 14. HP: 110/110 MP: 24/24
 22049 | Lair:8   | Found an oddly glowing altar of Pakellas.
 22341 | Lair:8   | Received a gift from Okawaru
 22349 | Lair:8   | Got a distressingly furry hat {god gift}
 22364 | Lair:8   | Identified the +2 hat of Moff {-Tele rC+ Int+6 Stlth+} (Okawaru gifted it to you on level 8 of the Lair of Beasts)
 22444 | Lair:8   | Reached skill level 5 in Charms
 22498 | Lair:8   | Reached skill level 10 in Shields
 22604 | Lair:8   | HP: 3/110 [death yak (19)]
 22605 | Lair:8   | Mangled by a death yak

Skill      XL: |  1  2  3  4  5  6  7  8  9 10 11 12 13 14 |
---------------+-------------------------------------------+-----
Dodging        | 2 3 4 5 6 7 8 |  8.9
Polearms       | 1 2 3 4 6 7 8 9 10 | 10.6
Summonings     | 5 6 7 9 10 | 10.0
Fighting       | 3 5 7 9 10 | 10.0
Ice Magic      | 2 4 |  4.1
Armour         | 2 4 |  4.0
Shields        | 1 5 7 9 10 | 10.0
Spellcasting   | 4 7 |  7.1
Charms         | 4 5 |  5.0
Stealth        | |  1.7

Action                   |  1- 3 |  4- 6 |  7- 9 | 10-12 | 13-15 || total
-------------------------+-------+-------+-------+-------+-------++-------
Melee: Club              |    24 |       |       |       |       ||    24
       Unarmed           |     3 |       |       |       |       ||     3
       Spear             |    63 |   165 |   528 |   470 |       ||  1226
       Mace              |     7 |       |       |       |       ||     7
       Kick              |       |    10 |   109 |   195 |       ||   314
       Dagger            |       |     4 |     9 |       |       ||    13
       Demon trident     |       |       |       |   646 |   567 ||  1213
 Cast: Summon Small Mamm |    16 |    21 |    20 |       |       ||    57
       Call Imp          |       |       |    12 |     3 |       ||    15
       Call Canine Famil |       |       |    26 |    29 |     1 ||    56
       Summon Ice Beast  |       |       |       |    36 |    19 ||    55
       Song of Slaying   |       |       |       |       |     7 ||     7
       Summon Guardian G |       |       |       |       |     3 ||     3
Invok: Heroism           |       |       |       |    10 |     4 ||    14
Evoke: Wand              |       |       |     2 |     4 |    10 ||    16
  Use: Scroll            |     1 |     4 |     3 |    10 |     9 ||    27
       Potion            |       |       |     5 |     7 |     3 ||    15
 Stab: Sleeping          |     5 |     5 |    11 |    22 |     8 ||    51
       Distracted        |       |       |     6 |     9 |     6 ||    21
  Eat: Chunk             |     2 |     8 |     5 |    15 |     5 ||    35
       Bread ration      |       |     1 |     2 |     3 |     2 ||     8
       Meat ration       |       |       |     2 |     3 |     1 ||     6
       Fruit             |       |       |       |     1 |       ||     1
       Beef jerky        |       |       |       |     1 |       ||     1
Armor: Leather armour    |    21 |    13 |    54 |   236 |   107 ||   431
       Ring mail         |       |       |    20 |       |       ||    20
Dodge: Dodged            |    54 |    56 |   175 |   582 |   210 ||  1077
Block: Shield            |       |       |       |   208 |   212 ||   420
